 Dungeon Crawl Stone Soup version 0.23.2-33-g5129a83184 (webtiles) character file.

Game seed: 4680498545112682997

471 Revguard the Shield-Bearer (level 7, -1/59 HPs)
             Began as a Formicid Fighter on July 9, 2019.
             Slain by a howler monkey (2 damage)
             ... on level 4 of the Dungeon.
             The game lasted 00:07:43 (2496 turns).

Revguard the Shield-Bearer (Formicid Fighter)       Turns: 2496, Time: 00:07:45

Health: -1/59      AC: 14    Str: 20    XL:     7   Next: 31%
Magic:  7/7        EV:  7    Int:  8    God:
Gold:   118        SH: 10    Dex: 12    Spells: 6/6 levels left

rFire    . . .     SeeInvis +   a - +1 war axe
rCold    . . .     Gourm    .   c - +0 shield
rNeg     . . .     Faith    .   m - +1 plate armour
rPois    .         Spirit   .   (helmet unavailable)
rElec    .         Reflect  .   (no cloak)
rCorr    .         Harm     .   l - +0 pair of gloves
MR       .....                  (no boots)
Stlth    ..........             (no amulet)
HPRegen  0.19/turn              (no ring)
MPRegen  0.10/turn              (no ring)

@: lethally poisoned (-1 -> -4)
A: permanent stasis, dig shafts and tunnels, four strong arms, antennae 3,
repulsion field 1, mutation resistance 1, robust 1
a: Dig, Shaft Self


You were on level 4 of the Dungeon.
You were not hungry.

You visited 1 branch of the dungeon, and saw 4 of its levels.

You collected 118 gold pieces.

Inventory:

Hand Weapons
 a - a +1 war axe (weapon)
Armour
 c - a +0 shield (worn)
 l - a +0 pair of gloves (worn)
 m - a +1 plate armour (worn)
Scrolls
 e - a scroll of immolation
 h - a scroll of remove curse
 i - a scroll of identify
Potions
 b - 2 potions of haste
Comestibles
 f - 7 rations
 g - 4 chunks of flesh


   Skills:
 + Level 4.0 Fighting
 + Level 4.5 Axes
 * Level 5.5 Armour
 + Level 0.4 Dodging
 + Level 5.5 Shields


You had 6 spell levels left.
You didn't know any spells.
Your spell library was empty.

Dungeon Overview and Level Annotations

Branches:
Dungeon (4/15)
 Temple: D:4-7

Altars:
Hepliaklqana
Xom
The Shining One

Annotations:
D:4 Pikel


Innate Abilities, Weirdness & Mutations

You cannot be hasted, slowed, berserked, paralysed or teleported.
You can dig through walls and to a lower floor.
Your four strong arms can wield two-handed weapons with a shield.
You have a pair of large antennae on your head. (SInv)
You are surrounded by a mild repulsion field. (EV +2)
You are somewhat resistant to further mutation.
You are robust. (+10% HP)


Message History

Pikel freezes you.
* * * LOW HITPOINT WARNING * * *
The scorpion stings you.
* * * LOW HITPOINT WARNING * * *
You are poisoned.
The scorpion poisons you!
The howler monkey hits you but does no damage.
You block the scorpion's attack.
Pikel hits you with a +2 whip of freezing.
* * * LOW HITPOINT WARNING * * *
Pikel freezes you.
* * * LOW HITPOINT WARNING * * *
You slash Pikel!
Pikel is almost dead.
You hit the scorpion but do no damage.
You hit the howler monkey but do no damage.
Your plate armour prevents you from hitting the slave.
* * * LOW HITPOINT WARNING * * *
You feel sick. The slave closely misses you. The howler monkey hits you.
You die...

#........ # #....... #
#......# ## #......## ##.
#.......# ..<
.#####.......# ## ##
......phs....###.. # #@#
.....###### #K#
........... ####
#a###########...## ##?.$#
#pw.†....####....)
#?..w.##p..#......##.....
!......#...##.....##.....
.......'...##......#†....
%......#...####..........
#.. #(....##...#
#######.....


You could see Pikel, 3 slaves, a scorpion, a howler monkey, a worker ant and a
dart slug.

Vanquished Creatures
  2 ogres (D:4)
  A howler monkey (D:4)
  2 hounds (D:4)
  An iguana (D:4)
  2 worker ants (D:4)
  4 adders
  A howler monkey skeleton (D:4)
  An adder skeleton (D:4)
  2 worms (D:2)
  3 dart slugs
  3 leopard geckos
  3 orcs (D:3)
  7 bats
  A giant cockroach (D:1)
  6 goblins
  4 hobgoblins
  3 jackals (D:4)
  6 kobolds
  A ball python (D:3)
  A ball python skeleton (D:4)
  5 frilled lizards
  A leopard gecko skeleton (D:4)
  7 rats
67 creatures vanquished.

Notes
Turn   | Place    | Note
-------+----------+-------------------------------------------
     0 | D:1      | Revguard the Formicid Fighter began the quest for the Orb.
     0 | D:1      | Reached XP level 1. HP: 18/18 MP: 1/1
   112 | D:1      | Reached XP level 2. HP: 23/24 MP: 2/2
   850 | D:2      | Reached XP level 3. HP: 29/29 MP: 3/3
   947 | D:2      | Found a hazy altar of Hepliaklqana.
   992 | D:2      | Found a faded altar of an unknown god.
  1184 | D:2      | Found a glowing golden altar of the Shining One.
  1311 | D:3      | Found a shimmering altar of Xom.
  1569 | D:3      | Reached XP level 4. HP: 34/35 MP: 4/4
  2119 | D:3      | Gained mutation: You are surrounded by a mild repulsion
                  | field. (EV +2) [potion of mutation]
  2119 | D:3      | Gained mutation: You are somewhat resistant to further
                  | mutation. [potion of mutation]
  2119 | D:3      | Gained mutation: You are robust. (+10% HP) [potion of
                  | mutation]
  2135 | D:4      | Noticed an ogre
  2146 | D:4      | Killed an ogre
  2146 | D:4      | Reached XP level 5. HP: 16/45 MP: 5/5
  2228 | D:4      | Reached skill level 5 in Shields
  2228 | D:4      | Reached XP level 6. HP: 30/52 MP: 6/6
  2310 | D:4      | Noticed an ogre
  2319 | D:4      | Killed an ogre
  2319 | D:4      | Reached skill level 5 in Armour
  2384 | D:4      | Reached XP level 7. HP: 27/58 MP: 7/7
  2419 | D:4      | Noticed Pikel
  2495 | D:4      | HP: 2/59 [Pikel/+2 whip of freezing (1)]
  2496 | D:4      | Slain by a howler monkey

Skill      XL: |  1  2  3  4  5  6  7 |
---------------+----------------------+-----
Shields        | 4 5 |  5.5
Armour         | 4 5 |  5.5
Axes           | 3 4 |  4.5
Fighting       | 4 |  4.0
Dodging        | |  0.4

Action                   |  1- 3 |  4- 6 |  7- 9 || total
-------------------------+-------+-------+-------++-------
Melee: War axe           |   132 |   148 |    61 ||   341
 Abil: Dig               |       |       |     1 ||     1
  Use: Scroll            |       |    10 |       ||    10
       Potion            |       |     5 |     2 ||     7
  Eat: Chunk             |     2 |     3 |     1 ||     6
Armor: Scale mail        |    34 |       |       ||    34
       Plate armour      |    69 |    91 |    49 ||   209
Dodge: Dodged            |    45 |    32 |    26 ||   103
Block: Shield            |    82 |   101 |    53 ||   236
